 Dungeon Crawl Stone Soup version 0.30-a0-140-gd1020e658a (webtiles) character file.

Game seed: 2593753977513629769

272 Decritt the Shield-Bearer (level 6, -14/39 HPs)
             Began as a Gargoyle Fighter on Sept 24, 2022.
             Was an Initiate of Ru.
             Demolished by a two-headed ogre
             ... wielding a +0 giant club
              (15 damage)
             ... on level 6 of the Dungeon.
             The game lasted 00:07:02 (2363 turns).

Decritt the Shield-Bearer (Gargoyle Fighter)        Turns: 2363, Time: 00:07:02

Health: -14/39     AC: 16    Str: 22    XL:     6   Next: 23%
Magic:  6/6        EV:  7    Int:  8    God:    Ru [......]
Gold:   60         SH:  4    Dex:  9    Spells: 5/5 levels left

rFire   + . .      SeeInvis .    o - +0 whip (venom)
rCold   . . .      Faith    .    c - +0 buckler
rNeg    + . .      Spirit   .    i - +0 chain mail
rPois   ∞          Reflect  .    l - +0 helmet
rElec   +          Harm     .    (no cloak)
rCorr   .          Rampage  .    (no gloves)
Will    .....                    q - +0 pair of boots
Stlth   ..........               f - amulet of regeneration
HPRegen 0.93/turn                n - ring of protection from fire
MPRegen 0.10/turn                (no ring)

@: mighty
A: sickness immunity, AC +4, negative energy resistance 1, electricity
resistance, torment resistance 1, petrification resistance
a: Renounce Religion


You were on level 6 of the Dungeon.
You worshipped Ru.
Ru was noncommittal.
You visited 1 branch of the dungeon, and saw 5 of its levels.

You collected 96 gold pieces.
You spent 36 gold pieces at shops.

Inventory:

Hand Weapons
 o - a +0 whip of venom (weapon)
Armour
 c - a +0 buckler (worn)
 i - a +0 chain mail (worn)
 l - a +0 helmet (worn)
 q - a +0 pair of boots (worn)
Jewellery
 f - an amulet of regeneration (around neck)
 n - a ring of protection from fire (left hand)
Scrolls
 b - a scroll of poison
 h - 2 scrolls of immolation
Potions
 a - 2 potions of magic
 e - 3 potions of heal wounds
 g - 3 potions of curing
 k - a potion of attraction {unknown}
 m - a potion of haste {unknown}
 p - a potion of brilliance {unknown}


   Skills:
 + Level 4.6 Fighting
 + Level 3.5 Maces & Flails
 + Level 4.6 Armour
 + Level 4.7 Shields


You had 5 spell levels left.
You didn't know any spells.
Your spell library was empty.

Dungeon Overview and Level Annotations

Branches:
Dungeon (7/15)
 Temple: D:4-7

Altars:
Ru

Shops:
D:1 (   D:2 !   D:6 (


Innate Abilities, Weirdness & Mutations

You are immune to sickness and miasma.
Your stone body is resilient. (AC +4)
You are immune to poison.
You resist negative energy. (rN+)
You are resistant to electric shocks. (rElec)
You are resistant to unholy torment.
You are immune to petrification.


Message History

You kill the gnoll!
You closely miss the kobold brigand.
The kobold brigand hits you but does no damage.
You whack the kobold brigand!
The kobold brigand is poisoned.
The kobold brigand is moderately wounded.
The kobold brigand barely misses you.
You miss the kobold brigand.
The kobold brigand is moderately wounded.
You barely miss the kobold brigand.
The kobold brigand is heavily wounded.
The kobold brigand hits you but does no damage.
You block the kobold brigand's attack.
You closely miss the kobold brigand.
The kobold brigand is heavily wounded.
The kobold brigand hits you but does no damage.
You closely miss the kobold brigand.
The kobold brigand is severely wounded.
You whack the kobold brigand!
You kill the kobold brigand!
You have reached level 6!
You whack the two-headed ogre!
The two-headed ogre is poisoned.
The two-headed ogre is moderately wounded.
The two-headed ogre hits you but does no damage.
The two-headed ogre hits you with a +0 giant club!
You barely miss the two-headed ogre.
The two-headed ogre is moderately wounded.
The two-headed ogre hits you with a +0 giant club. x2
You barely miss the two-headed ogre.
The two-headed ogre is moderately wounded.
You barely miss the two-headed ogre.
The two-headed ogre is moderately wounded.
The two-headed ogre closely misses you.
The two-headed ogre hits you with a +0 giant club!
* * * LOW HITPOINT WARNING * * *
You barely miss the two-headed ogre.
The two-headed ogre is moderately wounded.
The two-headed ogre hits you with a +0 giant club!
* * * LOW HITPOINT WARNING * * *
The two-headed ogre hits you with a +0 giant club!
You die...

####.#######.##
#.........##..###
#[........+.#...#####
#.........#.###.....#
#.........+.....#O..#
#.........#.#.###.#.#
#..[......#.#.# #.#
.. #.........'.#.#
#.# #.#
#.........###@# #.# #
#.........###O###'###
############KKK.....#
#Kgg.....# #........#
#........# #?.......#
#........# #........#


You could see a two-headed ogre (very poisoned), 2 gnolls and 4 kobolds.

Vanquished Creatures
  A kobold brigand (D:6)
  A bullfrog (D:6)
  A jelly (D:6)
  3 adders (D:2)
  A gnoll (D:6)
  A worm (D:2)
  2 dart slugs (D:2)
  An orc (D:6)
  4 endoplasms
  6 giant cockroaches
  4 goblins
  6 hobgoblins
  2 jackals (D:2)
  6 quokkas
  8 ball pythons
  7 bats
  A frilled lizard (D:1)
  6 kobolds
  4 rats
65 creatures vanquished.

Notes
Turn   | Place    | Note
-------+----------+-------------------------------------------
     0 | D:1      | Decritt the Gargoyle Fighter began the quest for the Orb.
     0 | D:1      | Reached XP level 1. HP: 14/14 MP: 1/1
   167 | D:1      | Found Fasigege's Antique Weapon Boutique.
   491 | D:1      | Reached XP level 2. HP: 19/19 MP: 2/2
   981 | D:1      | Reached XP level 3. HP: 23/23 MP: 3/3
  1652 | D:2      | Found a sacrificial altar of Ru.
  1661 | D:2      | Became a worshipper of Ru the Awakened
  1685 | D:2      | Reached XP level 4. HP: 29/29 MP: 4/4
  1894 | D:2      | Found Ynalurah's Distillery.
  1904 | D:2      | Bought a potion of curing for 36 gold pieces
  1978 | D:2      | Found a faded altar of an unknown god.
  2210 | D:3      | You fall into a shaft and drop 3 floors!
  2227 | D:6      | Noticed a bullfrog
  2258 | D:6      | Killed a bullfrog
  2259 | D:6      | Reached XP level 5. HP: 29/33 MP: 5/5
  2321 | D:6      | Found Sumy's Antique Weapon Shoppe.
  2321 | D:6      | Noticed a two-headed ogre
  2339 | D:6      | Noticed a kobold brigand
  2358 | D:6      | Killed a kobold brigand
  2359 | D:6      | Reached XP level 6. HP: 39/39 MP: 6/6
  2363 | D:6      | HP: 1/39 [two-headed ogre/+0 giant club (15)]
  2363 | D:6      | Demolished by a two-headed ogre

Illustrated notes

Levels and vault maps discovered:
D:1:      evilmike_arrival_rings, layout_loops_corners, serial_co_window_serial,
          co_window_of_opportunity_a, co_window_cross_1, co_window_corner_a,
          co_window_paths_b, co_window_corner_a, co_window_broadway_b,
          co_window_unsneaky_path_b, co_window_broadway_b, co_window_corner_b,
          co_window_2corner, glass_columns_a, glass_columns_a, glass_columns_a,
          glass_columns_a, glass_columns_b, serial_shops, shop, minmay_cut_off
D:2:      layout_basic, serial_shops, shop,
          hellmonk_ecumenical_altar_inner_sanctum, basic_altar,
          hangedman_abyss_or_decor_stabs, minmay_misc_feat_square,
          grunt_decor_resistance, minivault_4, st_stairs_14, minmay_heptomino_d4
D:3:      layout_basic, mainiacjoe_overflow_alcove_2, serial_forest,
          infiniplex_forest_clump_long, infiniplex_forest_end_1,
          infiniplex_forest_corner_2, infiniplex_forest_zigzag_2,
          infiniplex_forest_lined_2, infiniplex_forest_clump_long, uniq_grinder
D:6:      layout_basic, chequers_decorated_corner, st_stairs_11,
          kennysheep_small_circle
D:7:      layout_layer_cave

Skill      XL: |  1  2  3  4 |
---------------+-------------+-----
Fighting       | 4 |  4.6
Armour         | 4 |  4.6
Shields        | 4 |  4.7
Maces & Flails | 3 |  3.5

Action                   |  1- 3 |  4- 6 || total
-------------------------+-------+-------++-------
Melee: Flail             |   152 |       ||   152
       Whip              |     4 |    84 ||    88
  Use: Scroll            |       |     4 ||     4
       Potion            |       |     2 ||     2
Armor: Scale mail        |    49 |       ||    49
       Chain mail        |    48 |    47 ||    95
Dodge: Dodged            |    72 |    17 ||    89
Block: Buckler           |    36 |    17 ||    53

Table legend: (Time is in decaauts)
 A = Elapsed time spent in this place.
 B = Non-inter-level travel time spent in this place.
 C = Inter-level travel time spent in this place.
 D = Time resting spent in this place.
 E = Time spent auto-exploring this place.
 F = Levels seen in this place.
 G = Mean time per level.
                   A        B        C        D        E       F      G
               +--------+--------+--------+--------+--------+-----+--------+
         Total |   2410 |   2348 |     62 |      0 |   1706 |   5 |  482.0 |
       Dungeon |   2410 |   2348 |     62 |      0 |   1706 |   5 |  482.0 |
               +--------+--------+--------+--------+--------+-----+--------+

Top non-repeatable levels by time:
     D:1: 1489 daAuts
     D:2: 728 daAuts
     D:6: 133 daAuts
     D:3: 40 daAuts
     D:7: 18 daAuts
